 Seeded DCSS version 0.30.1-9-gdf580d7c3d (webtiles) character file.

Game seed: 920673320228942481 (custom seed)

5 Psyclone the Conjurer (level 1, 0/11 HPs)
             Began as an Octopode Conjurer on Oct 10, 2023.
             Constricted to death by a ball python (1 damage)
             ... on level 3 of the Dungeon.
             The game lasted 00:01:30 (585 turns).

Psyclone the Conjurer (Octopode Conjurer)            Turns: 585, Time: 00:01:31

Health: 0/11       AC:  1    Str:  6    XL:     1   Next: 80%
Magic:  0/3        EV: 10    Int: 20    God:
Gold:   3987       SH:  0    Dex: 10    Spells: 3/4 levels left

rFire   . . .        (no weapon)
rCold   . . .        (no shield)
rNeg    . . .        (helmet restricted)
rPois   .            (no amulet)
rElec   .            (no ring)
rCorr   .            (no ring)
SInv    .            (no ring)
Will    .....        (no ring)
Stlth   +++          (no ring)
HPRegen 0.21/turn    (no ring)
MPRegen 0.08/turn    (no ring)
                     (no ring)

%: no passive effects
@: very slightly contaminated, constricted
A: almost no armour, amphibious, 8 rings, camouflage 1, gelatinous body 1,
(nimble swimmer 1), tentacles
a: no special abilities


You were on level 3 of the Dungeon.
You visited 1 branch of the dungeon, and saw 3 of its levels.

You collected 3987 gold pieces.

Inventory:

Jewellery
 c - a ring of wizardry
Scrolls
 f - a scroll of poison {unknown}
Potions
 a - a potion of magic
 b - a potion of mutation {unknown}
 d - a potion of lignification {unknown}
 e - a potion of invisibility {unknown}


   Skills:
 - Level 2.0 Dodging
 - Level 2.6 Stealth
 - Level 2.0 Spellcasting
 + Level 4.3 Conjurations


You had 3 spell levels left.
You knew the following spells:

 Your Spells              Type           Power      Damage    Failure   Level
a - Magic Dart            Conj           76%        1d6       2%          1

Your spell library contained the following spells:

 Spells                   Type           Power      Damage    Failure   Level
 Searing Ray              Conj           38%        2d5       4%          2
 Dazzling Flash           Conj/Hex       20%        N/A       21%         3
 Fulminant Prism          Conj/Hex       5%         3d7       54%         4
 Iskenderun's Mystic Bla  Conj/Tloc      10%        2d4       54%         4


Dungeon Overview and Level Annotations

Branches:
Dungeon (3/15) Zot: 17414

Altars:

Shops:
D:3 *:


Innate Abilities, Weirdness & Mutations

You cannot wear most types of armour.
You are amphibious.
You can wear up to eight rings at the same time.
Your skin changes colour to match your surroundings (Stealth+).
Your rubbery body absorbs attacks. (AC +1, EV +1)
((You are camouflaged when in or above water. (Stealth+)))
You have tentacles for arms and can constrict up to eight enemies at once.


Message History

You are very lightly contaminated with residual magic.
Nothing appears to happen.
You now have 2/3 mp.
Casting: Magic Dart (safe; 2% risk of failure)
Confirm with . or Enter, or press ? or * to list all spells.
Aiming: Magic Dart (safe; 2% risk of failure)
Press: ? - help, Shift-Dir - straight line, f/p - ball python
Aim: a ball python (asleep, 100% to hit)
The magic dart hits the ball python.
The ball python is heavily wounded.
The ball python closely misses you. The ball python grabs you.
The ball python constricts you. The rat bites you.
You take 3 damage, and have 8/11 hp.
MASSIVE DAMAGE!!
You now have 1/3 mp.
Casting: Magic Dart (safe; 2% risk of failure)
Confirm with . or Enter, or press ? or * to list all spells.
Aiming: Magic Dart (safe; 2% risk of failure)
Press: ? - help, Shift-Dir - straight line, f/p - ball python
Aim: a ball python (heavily wounded, constricting you, 100% to hit)
The magic dart hits the ball python.
The ball python is severely wounded.
The ball python bites you. The ball python constricts you.
The rat barely misses you. The ball python barely misses you.
The ball python constricts you.
* * * LOW HITPOINT WARNING * * *
You take 5 damage, and have 3/11 hp.
MASSIVE DAMAGE!!
You now have 0/3 mp.
Casting: Magic Dart (safe; 2% risk of failure)
Confirm with . or Enter, or press ? or * to list all spells.
You don't have enough magic to cast this spell.
You tentacle-slap the rat but do no damage.
You grab the rat. You constrict the rat. The ball python barely misses you.
The ball python constricts you.
* * * LOW HITPOINT WARNING * * *
The rat bites you but does no damage.
You take 1 damage, and have 2/11 hp.
You barely miss the rat.
The rat is moderately wounded.
You constrict the rat. The ball python bites you.
* * * LOW HITPOINT WARNING * * *
The ball python constricts you.
You die...

.... '....∩...# ... #........#
### #.. #........# #.# #.#
#........# #.# #.# .# #........#
#.######.### .##.#........#
#........... ### #...
#.....rS.####.######.### ..###.##
#..@......# ##.### .......#
########### #..... .......#
#..### .......#####
############.....
...........######.........##.####
.....................####.##.#...
.....................####.#......
........................#.##.∩.##
..........(.....................#


You could see a ball python and a rat.

Vanquished Creatures
  A dart slug (D:1)
  An endoplasm (D:2)
  A ball python (D:1)
  A rat (D:1)
4 creatures vanquished.

Notes
Turn   | Place    | Note
-------+----------+-------------------------------------------
     0 | D:1      | Psyclone the Octopode Conjurer began the quest for the Orb.
     0 | D:1      | Reached XP level 1. HP: 11/11 MP: 3/3
   285 | D:1      | Identified 3 scrolls of acquirement
   285 | D:1      | Acquired 1312 gold pieces
   293 | D:1      | Acquired 1281 gold pieces
   308 | D:1      | Acquired 1321 gold pieces
   435 | D:3      | Found Rylak's Book Boutique.
   578 | D:3      | Found Xyxiz's Assorted Antiques.
   585 | D:3      | Constricted to death by a ball python

Illustrated notes

Levels and vault maps discovered:
D:1:      dpeg_arrival_orchard, layout_basic
D:2:      layout_loops_corners, uniq_natasha, uniq_crazy_yiuf_cottage
D:3:      layout_basic, serial_shops, nicolae_shop_stone, shop

Action                     || total
---------------------------++-------
  Melee: Unarmed           ||     2
         Constrict         ||     1
   Cast: Magic Dart        ||    10
    Use: Scroll            ||     3
 Armour: Skin              ||     1
  Dodge: Dodged            ||     4
